AoeStats
← Launger

Arabia

509478499Analyzed
4v4 RM · 7d ago on Sep 26, 2026· 51m 39s· 8 players
Game mode
Random Map
Map size
Large (8 player)
Population
200
Speed
Normal
Resources
Standard
Victory
Conquest
Starting age
Dark Age
Ending age
Imperial Age
RankedLock teamsTeams togetherTeam positionsShared explorationLock speedFull tech treeHidden civsTurbo modeCheats
Victory
Defeat
🇦🇷 Vikings · Argentina
1188
+14
🇦🇷 Hindustanis · Argentina
1120
+17
🇦🇷 Japanese · Argentina
1088
+18
🇦🇷 Persians · Argentina
1058
+20
🇵🇱 Franks · Poland
1166
-18
🇨🇳 Saxons · China
1158
-18
🇬🇧 Persians · United Kingdom
1124
-17
🇨🇴 Mongols · Colombia
1104
-16
[PPP] BlackPanter
5:46 Loom
6:36 Loom
9:31 Feudal Age
11:04 Horse Collar
17:16 Forging
17:12 Scale Barding Armor
19:37 Wheelbarrow
20:06 Bloodlines
23:17 Castle Age
22:05 Bloodlines
23:28 Gold Mining
23:59 Heavy Plow
23:46 Double-Bit Axe
24:04 Husbandry
25:41 Bow Saw
26:55 Padded Archer Armor
27:19 Chain Barding Armor
28:03 Padded Archer Armor
28:42 Iron Casting
33:47 Gold Shaft Mining
39:40 Imperial Age
40:04 Heavy Camel Rider
42:37 Imperial Camel Rider
44:46 Plate Barding Armor
45:12 Blast Furnace
44:59 Conscription
47:32 Light Cavalry
51:11 Hussar
Pachegol
6:20 Loom
9:05 Feudal Age
9:31 Double-Bit Axe
9:45 Horse Collar
18:05 Wheelbarrow
21:00 Castle Age
19:02 Gold Mining
19:29 Forging
19:25 Scale Barding Armor
20:25 Bloodlines
22:15 Husbandry
22:43 Bow Saw
22:36 Heavy Plow
23:15 Gold Shaft Mining
23:51 Town Watch
26:25 Iron Casting
28:42 Chain Barding Armor
30:29 Hand Cart
32:59 Stone Mining
45:03 Imperial Age
43:58 Light Cavalry
44:45 Heavy Camel Rider
46:03 Plate Barding Armor
46:29 Blast Furnace
44:54 Hussar
48:30 Gambesons
Kikelot
7:38 Loom
11:11 Feudal Age
11:39 Man-at-Arms
13:49 Forging
17:59 Wheelbarrow
23:43 Castle Age
24:39 Crossbowman
26:20 Double-Bit Axe
26:46 Gold Mining
26:46 Horse Collar
29:10 Ballistics
28:45 Fletching
29:06 Padded Archer Armor
44:39 Elite Skirmisher
45:25 Thumb Ring
49:40 Bodkin Arrow
50:01 Leather Archer Armor
Aioria
7:51 Loom
10:05 Feudal Age
10:36 Double-Bit Axe
21:16 Castle Age
21:18 Crossbowman
22:10 Bow Saw
21:42 Horse Collar
21:57 Fletching
24:25 Bodkin Arrow
24:35 Padded Archer Armor
26:55 Heavy Plow
32:17 Town Watch
36:06 Imperial Age
33:41 Gold Mining
33:43 Stone Mining
36:14 Arbalester
36:56 Bracer
37:57 Two-Man Saw
37:29 Crop Rotation
37:35 Gold Shaft Mining
40:29 Leather Archer Armor
40:48 Fervor
43:43 Ballistics
44:25 Chemistry
43:49 Conscription
44:49 Bogsveigar
45:22 Ring Archer Armor
49:04 Town Patrol
49:26 Masonry
Mata Ovejas
9:35 Loom
13:05 Feudal Age
26:11 Castle Age
24:46 Horse Collar
26:04 Gold Mining
26:55 Double-Bit Axe
27:18 Padded Archer Armor
28:06 Pikeman
33:59 Forging
33:41 Fletching
33:58 Scale Barding Armor
35:49 Squires
35:35 Arson
40:36 Forging
40:27 Scale Mail Armor
42:21 Wheelbarrow
44:14 Hand Cart
46:57 Imperial Age
44:51 Ballistics
45:04 Bodkin Arrow
45:46 Town Watch
51:58 Conscription
50:59 Elite Mangudai
SombreWeb
6:52 Loom
9:39 Feudal Age
10:15 Double-Bit Axe
10:11 Horse Collar
16:40 Forging
19:11 Scale Barding Armor
20:28 Bloodlines
24:19 Castle Age
24:12 Gold Mining
26:06 Bow Saw
26:37 Husbandry
27:19 Heavy Plow
28:24 Iron Casting
31:42 Chain Barding Armor
44:13 Imperial Age
42:50 Wheelbarrow
43:02 Town Watch
44:00 Hand Cart
43:59 Heavy Camel Rider
45:41 Blast Furnace
45:39 Plate Barding Armor
46:15 Two-Man Saw
44:47 Light Cavalry
45:22 Fletching
46:44 Town Patrol
47:30 Crop Rotation
49:10 Hussar
叽里咕噜说啥呢
10:11 Feudal Age
11:22 Loom
20:34 Castle Age
19:52 Double-Bit Axe
20:30 Fletching
20:33 Horse Collar
24:48 Bow Saw
25:54 Bodkin Arrow
28:01 Crossbowman
29:44 Padded Archer Armor
30:16 Thumb Ring
43:14 Imperial Age
40:25 Elite Skirmisher
45:37 Imperial Age
44:47 Wheelbarrow
49:25 Ballistics
Launger
4:47 Loom
11:26 Feudal Age
16:40 Castle Age
15:21 Stone Mining
22:33 Double-Bit Axe
24:33 Bow Saw
26:39 Husbandry
26:50 Scale Barding Armor
28:10 Chain Barding Armor
28:01 Forging
30:54 Wheelbarrow
33:51 Iron Casting
33:56 Stone Mining
34:00 Gold Mining
39:33 Imperial Age
40:33 Gold Shaft Mining
39:37 Cavalier
39:44 Cavalier
41:29 Fletching
41:39 Padded Archer Armor
42:00 Elite Throwing Axeman
43:08 Hand Cart
44:00 Paladin
45:23 Bodkin Arrow
45:44 Leather Archer Armor
46:32 Blast Furnace
45:35 Scale Mail Armor
46:14 Plate Barding Armor
47:05 Light Cavalry
Connection lost

Rejoining the realm…

Still unreachable

The connection could not be restored.

Session expired

The server has moved on; the page needs a fresh start.